 Dungeon Crawl Stone Soup version 0.21.1-1-g345015f (webtiles) character file.

75180 glosham the Transmogrifier (level 15, -5/169 HPs)
             Began as a Human Transmuter on Apr 1, 2018.
             Was the Champion of Cheibriados.
             Slain by an orc warrior
             ... wielding a cursed +0 hand axe
              (19 damage)
             ... on level 2 of the Orcish Mines on Apr 2, 2018.
             The game lasted 06:08:10 (14568 turns).

glosham the Transmogrifier (Human Transmuter)      Turns: 14568, Time: 06:08:10

Health: -5/169     AC: 16    Str: 42    XL:     15   Next: 97%
Magic:  14/28      EV: 15    Int: 34    God:    Cheibriados [******]
Gold:   1670       SH:  0    Dex: 28    Spells: 4/33 levels left

rFire    + + .     SeeInvis .     - Unarmed
rCold    x . .     Gourm    +   (shield currently unavailable)
rNeg     . . .     Faith    .   (armour currently unavailable)
rPois    +         Spirit   .   (helmet currently unavailable)
rElec    .         Reflect  .   (cloak currently unavailable)
rCorr    .         Harm     .   (gloves currently unavailable)
MR       ++...                  (boots currently unavailable)
Stlth    ++........             z - amulet of the gourmand
HPRegen  0.38/turn              A - ring of wizardry
MPRegen  0.21/turn              B - ring of protection from magic

@: mighty, dragon-form, flying, very slow
A: giant, evolution 1
a: End Transformation, Bend Time, Temporal Distortion, Slouch, Step From Time,
Renounce Religion, Breathe Fire


You were on level 2 of the Orcish Mines.
You worshipped Cheibriados.
Cheibriados was exalted by your worship.
You were very full.
You were a fearsome dragon!
You visited 4 branches of the dungeon, and saw 21 of its levels.

You collected 2018 gold pieces.
You spent 348 gold pieces at shops.

Inventory:

Hand Weapons
 b - a +7 longbow of freezing
 c - a +0 blowgun
Missiles
 d - 388 arrows
 f - 8 curare-tipped needles
 x - 25 bolts
Armour
 y - a +1 plate armour of positive energy
 E - a +2 robe
 F - the +0 pair of fencer's gloves {+Riposte Dex+3}
   (You acquired it on level 1 of the Orcish Mines)

   It affects your dexterity (+3).
 U - a +0 helmet (melded)
 V - a +1 pair of gloves of archery (melded)
 W - a +2 pair of boots (melded)
 X - a +0 troll leather armour (melded)
 Y - a +2 cloak (melded)
 Z - a +0 buckler (melded)
Magical Staves
 a - an uncursed staff of wizardry (melded) {!a}
Jewellery
 z - an amulet of the gourmand (around neck)
 A - a ring of wizardry (left foreclaw)
 B - a ring of protection from magic (right foreclaw)
 C - an uncursed ring of ice
 D - an uncursed ring of protection from fire
 I - an uncursed ring of see invisible
Wands
 g - a wand of paralysis (12)
 h - a wand of flame (43)
 i - a wand of scattershot (13)
 j - a wand of disintegration (10)
Scrolls
 k - 10 scrolls of teleportation
 m - a scroll of fog
 o - 6 scrolls of remove curse
 p - 7 scrolls of identify
 q - 5 scrolls of magic mapping
Potions
 l - 3 potions of lignification
 r - 8 potions of curing
 t - a potion of resistance
 u - 3 potions of brilliance
 v - a potion of ambrosia
 w - 3 potions of might
Comestibles
 e - 47 rations


   Skills:
 + Level 9.2 Fighting
 - Level 4.0 Armour
 + Level 10.9 Dodging
 - Level 4.0 Shields
 * Level 12.9 Unarmed Combat
 + Level 9.8 Spellcasting
 - Level 2.0 Hexes
 - Level 2.0 Translocations
 + Level 13.1 Transmutations
 + Level 8.8 Invocations
 - Level 1.0 Evocations


You had 4 spell levels left.
You knew the following spells:

 Your Spells              Type           Power        Failure   Level  Hunger
a - Apportation           Tloc           ####..       1%          1    None
c - Confusing Touch       Hex            ####..       1%          1    None
s - Sticks to Snakes      Tmut           #######.     0%          2    None
x - Blade Hands           Tmut           #######...   1%          5    ###....
C - Ice Form              Ice/Tmut       ######..     1%          4    None
D - Dragon Form           Tmut           #######...   4%          7    ######.
P - Spider Form           Tmut/Pois      ######....   1%          3    None
S - Statue Form           Tmut/Erth      ######...    11%         6    #####..


Dungeon Overview and Level Annotations

Branches:
Dungeon (12/15)            Temple (1/1) D:7            Lair (6/6) D:8
 Shoals (0/4) Lair:3        Snake (0/4) Lair:2        Slime (0/5) Lair:6
    Orc (2/2) D:11            Elf (0/3) Orc:2

Altars:
Ashenzari
Cheibriados
Elyvilon
Fedhas
Gozag
Hepliaklqana
Kikubaaqudgha
Makhleb
Okawaru
Qazlal
Ru
Sif Muna
Trog
Uskayaw
Vehumet
Wu Jian
Xom
Yredelemnul
Zin
The Shining One
Beogh

Shops:
D:5 =   D:7 !


Innate Abilities, Weirdness & Mutations

((You have extremely sharp teeth.))
You evolve.


Message History

Things that are here:
a tomahawk of returning; a tomahawk The orc warrior throws a tomahawk.
The tomahawk misses you.
The orc warrior throws a tomahawk of returning.
The tomahawk of returning misses you.
The weapon returns to the orc warrior!
The orc knight unwields an uncursed arbalest.
The orc knight wields an uncursed broad axe.
The orc knight hits you but does no damage.
You maul the orc knight!!!!
You kill the orc knight!
Cheibriados appreciates the change of pace.
You hear a shout! x2
The orc warrior misses you.
You maul the orc warrior!!!
You kill the orc warrior!
Cheibriados thoroughly appreciates the change of pace.
The orc warrior unwields an uncursed battleaxe.
The orc warrior wields a glowing arbalest.
The orc warrior shoots a bolt.
The bolt hits you but does no damage. The orc warrior hits you with a glaive.
The orc warrior hits you with a hand axe.
* * * LOW HITPOINT WARNING * * *
The orc warrior hits you with a glaive!!
* * * LOW HITPOINT WARNING * * *
The orc warrior shoots a bolt.
The bolt hits you.
* * * LOW HITPOINT WARNING * * *
The orc warrior hits you with a hand axe.
* * * LOW HITPOINT WARNING * * *
You hear a shout!
You see here a bolt.
As you read the scroll of fog, it crumbles to dust.
The scroll dissolves into smoke.
The orc warrior misses you. The orc warrior completely misses you.
You maul the orc warrior!!!!
You kill the orc warrior!
Cheibriados thoroughly appreciates the change of pace.
You claw the orc warrior!
The orc warrior is heavily wounded.
The orc warrior hits you with a hand axe!!
You die...

.......................)....
................#.....≈≈≈≈##
................#......≈≈≈≈#
..........o(.........o...≈≈≈
................#..........≈
...............(##..........
..............§§§##..##..##
..............§§§§§.......
..............§§D§§(.....
..............§o#########
..............§###
.#...............##
........#.........##
........#..........#
...#..............##
...##..##.#......##
..######....)).###


You could see an orc warrior.

Vanquished Creatures
  A sphinx (D:12)
  Kirke (Lair:4)
  Nessos (Lair:4)
  6 dire elephants (Lair:6)
  Josephine (Lair:5)
  6 hydras
  Harold (Lair:1)
  The ghost of Clemens the Destroyer, a journeyman DrCj of Sif Muna (Lair:2)
  A death knight (D:11)
  An anaconda (Lair:6)
  6 two-headed ogres
  The ghost of Supreme the Geomancer, a journeyman GrEE of Vehumet (D:11)
  A death yak (Lair:5)
  Sonja (Lair:2)
  The ghost of vatarom the Merchant of Misery, a novice DsNe of Kikubaaqudgha (D:9)
  An unseen horror (D:12)
  A lindwurm (Lair:6)
  4 orc knights
  3 manticores
  3 ugly things
  3 orc sorcerers (Orc:1)
  An orb spider (shapeshifter) (D:12)
  A cyclops (D:12)
  5 black mambas
  12 elephants
  2 rust devils (D:12)
  A gargoyle (D:10)
  Psyche (D:8)
  The ghost of Kairos the Covered, a novice HuFi (D:4)
  9 spiny frogs
  3 rime drakes
  8 komodo dragons
  A red devil (D:12)
  A meliai (D:12)
  7 polar bears
  3 trolls
  3 slime creatures (D:11)
  4 blink frogs (Lair:1)
  6 dream sheep (Lair:6)
  5 hippogriffs
  A wyvern (D:12)
  2 basilisks
  64 yaks
  A spriggan (D:7)
  A vampire (D:11)
  5 wraiths (Lair:5)
  7 hogs (Lair:4)
  2 vampire mosquitoes (D:12)
  Menkaure (D:7)
  A soldier ant (D:11)
  A warg (Orc:2)
  7 water moccasins
  6 porcupines
  3 phantoms
  5 sky beasts
  11 black bears
  A necrophage (D:12)
  2 ice beasts
  27 orc warriors
  5 wolves
  13 ogres
  16 centaurs
  12 crocodiles
  A big kobold (D:7)
  14 bullfrogs
  A wyvern zombie (D:11)
  11 scorpions
  12 wights
  10 killer bees
  2 howler monkeys (D:10)
  3 bullfrog zombies
  6 hounds
  3 jellies
  2 centaur zombies
  4 crimson imps
  Crazy Yiuf (D:7)
  6 orc priests
  7 iron imps (D:12)
  3 bullfrog skeletons
  23 orc wizards
  4 iguanas
  8 worker ants
  A killer bee zombie (D:6)
  3 hound skeletons
  6 gnolls
  10 adders
  A shadow imp (D:6)
  5 oozes
  An adder zombie (D:7)
  3 adder skeletons
  3 worms
  A dart slug (D:3)
  8 leopard geckos
  68 orcs
  5 bats
  5 giant cockroaches
  5 goblins
  9 hobgoblins
  13 jackals
  8 quokkas
  5 frilled lizards
  A jackal skeleton (D:5)
  8 kobolds
  A leopard gecko skeleton (D:5)
  A leopard gecko zombie (D:7)
  A quokka skeleton (D:6)
  9 rats
  A plant (Lair:6)
616 creatures vanquished.

Vanquished Creatures (collateral kills)
  A frilled lizard (D:2)
1 creature vanquished.

Vanquished Creatures (others)
  10 fungi
  32 plants
42 creatures vanquished.

Grand Total: 659 creatures vanquished

Notes
Turn   | Place    | Note
-------+----------+-------------------------------------------
     0 | D:1      | glosham the Human Transmuter began the quest for the Orb.
     0 | D:1      | Reached XP level 1. HP: 15/15 MP: 3/3
   112 | D:1      | Reached XP level 2. HP: 21/21 MP: 3/5
   116 | D:1      | Learned a level 2 spell: Sticks to Snakes
   636 | D:2      | Reached XP level 3. HP: 20/26 MP: 3/6
   674 | D:2      | Learned a level 3 spell: Spider Form
   926 | D:2      | Found a shimmering altar of Xom.
  1062 | D:2      | Found a hide-covered altar of Uskayaw.
  1163 | D:2      | Gained mutation: Armour fits poorly on your strangely shaped body. [potion of mutation]
  1163 | D:2      | Gained mutation: Your magical capacity is low. (-10% MP) [potion of mutation]
  1163 | D:2      | Gained mutation: You are somewhat resistant to further mutation. [potion of mutation]
  1205 | D:2      | Reached XP level 4. HP: 21/33 MP: 1/6
  1306 | D:3      | Found a deep blue altar of Sif Muna.
  1400 | D:3      | Reached skill level 2 in Fighting
  1464 | D:3      | Noticed a two-headed ogre
  1473 | D:3      | Killed a two-headed ogre
  1473 | D:3      | Reached skill level 4 in Fighting
  1473 | D:3      | Reached skill level 5 in Unarmed Combat
  1473 | D:3      | Reached skill level 4 in Spellcasting
  1473 | D:3      | Reached skill level 4 in Transmutations
  1473 | D:3      | Reached XP level 5. HP: 42/42 MP: 4/10
  1473 | D:3      | Reached XP level 6. HP: 48/48 MP: 4/10
  1473 | D:3      | Reached XP level 7. HP: 54/54 MP: 4/11
  1485 | D:3      | Reached XP level 8. HP: 50/60 MP: 5/12
  1514 | D:3      | Learned a level 5 spell: Blade Hands
  1519 | D:3      | Learned a level 4 spell: Ice Form
  1724 | D:3      | Found an ancient bone altar of Kikubaaqudgha.
  2086 | D:4      | Reached skill level 5 in Transmutations
  2178 | D:4      | Noticed Kairos's ghost (novice HuFi)
  2187 | D:4      | Killed Kairos's ghost
  2187 | D:4      | Reached skill level 6 in Transmutations
  2214 | D:4      | Reached skill level 7 in Transmutations
  2242 | D:4      | Lost mutation: Your magical capacity is low. (-10% MP) [potion of mutation]
  2242 | D:4      | Lost mutation: Armour fits poorly on your strangely shaped body. [potion of mutation]
  2242 | D:4      | Lost mutation: You are somewhat resistant to further mutation. [potion of mutation]
  2242 | D:4      | Gained mutation: You evolve. [potion of mutation]
  2242 | D:4      | Gained mutation: Your spells are a little easier to cast, but a little less powerful. [potion of mutation]
  2242 | D:4      | Gained mutation: You tend to lose your temper in combat. [potion of mutation]
  2242 | D:4      | Gained mutation: You have very sharp teeth. [potion of mutation]
  2460 | D:4      | You fall through a shaft!
  2460 | D:5      | Entered Level 5 of the Dungeon
  2634 | D:5      | Reached XP level 9. HP: 59/65 MP: 2/15
  2714 | D:5      | Found a blossoming altar of Fedhas.
  2822 | D:5      | Reached skill level 8 in Transmutations
  2824 | D:5      | Found Tasuil's Jewellery Boutique.
  3072 | D:5      | Found a hazy altar of Hepliaklqana.
  3112 | D:5      | Found a bloodstained altar of Trog.
  3257 | D:5      | You fall through a shaft for 2 floors!
  3374 | D:7      | Reached skill level 9 in Transmutations
  3427 | D:7      | Found a radiant altar of Vehumet.
  4181 | D:6      | Gained mutation: You have extremely sharp teeth. [evolution]
  4308 | D:7      | Found a staircase to the Ecumenical Temple.
  4314 | Temple   | Entered the Ecumenical Temple
  4325 | Temple   | Became a worshipper of Cheibriados the Contemplative
  4470 | D:7      | Found a runed door.
  4475 | D:7      | Noticed Crazy Yiuf
  4477 | D:7      | Killed Crazy Yiuf
  4622 | D:7      | Found a bloodstained altar of Trog.
  4729 | D:7      | Reached skill level 6 in Unarmed Combat
  4891 | D:7      | Reached skill level 7 in Unarmed Combat
  4918 | D:7      | Reached XP level 10. HP: 30/71 MP: 11/17
  4969 | D:7      | Found Qeimua's Distillery.
  4978 | D:7      | Noticed Menkaure
  4983 | D:7      | Killed Menkaure
  5085 | D:7      | Reached skill level 8 in Unarmed Combat
  5210 | D:5      | Bought an uncursed ring of see invisible for 180 gold pieces
  5271 | D:7      | Bought 2 potions of curing for 84 gold pieces
  5271 | D:7      | Bought a potion of lignification for 42 gold pieces
  5271 | D:7      | Bought a potion of curing for 42 gold pieces
  5320 | D:8      | Reached * piety under Cheibriados
  5461 | D:8      | Reached skill level 3 in Dodging
  5475 | D:8      | Reached skill level 4 in Dodging
  5551 | D:8      | Reached ** piety under Cheibriados
  5556 | D:8      | Reached skill level 5 in Dodging
  5663 | D:8      | Reached skill level 6 in Dodging
  5766 | D:8      | Noticed Psyche
  5769 | D:8      | Killed Psyche
  5913 | D:8      | Found a staircase to the Lair.
  5917 | D:8      | Found an opulent altar of Gozag.
  5930 | D:8      | Reached skill level 7 in Dodging
  6148 | D:9      | Found a sacrificial altar of Ru.
  6231 | D:9      | Noticed vatarom's ghost (novice DsNe)
  6239 | D:9      | Killed vatarom's ghost
  6239 | D:9      | Reached skill level 1 in Armour
  6239 | D:9      | Reached skill level 1 in Invocations
  6239 | D:9      | Reached XP level 11. HP: 65/78 MP: 13/18
  6299 | D:9      | Reached *** piety under Cheibriados
  6373 | D:9      | Reached skill level 1 in Evocations
  6576 | D:9      | Reached skill level 9 in Unarmed Combat
  6657 | D:9      | Reached skill level 2 in Invocations
  6675 | D:10     | Entered Level 10 of the Dungeon
  6700 | D:10     | Reached skill level 1 in Shields
  6722 | D:10     | Reached skill level 5 in Spellcasting
  6931 | D:10     | Reached **** piety under Cheibriados
  7130 | D:10     | Reached skill level 5 in Fighting
  7194 | D:10     | You fall through a shaft for 2 floors!
  7194 | D:12     | Noticed a manticore
  7196 | D:12     | Noticed a two-headed ogre
  7198 | D:12     | Found a basalt altar of Yredelemnul.
  7213 | D:12     | Reached skill level 2 in Armour
  7221 | D:12     | Reached skill level 2 in Shields
  7221 | D:12     | Reached skill level 10 in Transmutations
  7221 | D:12     | Reached skill level 3 in Invocations
  7662 | D:11     | Reached ***** piety under Cheibriados
  7859 | D:11     | Noticed a manticore
  7865 | D:11     | Killed a manticore
  7865 | D:11     | Reached skill level 8 in Dodging
  7865 | D:11     | Reached XP level 12. HP: 47/86 MP: 13/19
  7933 | D:11     | Reached skill level 4 in Invocations
  8081 | D:11     | Noticed Supreme's ghost (journeyman GrEE)
  8092 | D:11     | Reached skill level 3 in Armour
  8097 | D:11     | Reached skill level 3 in Shields
  8107 | D:11     | Reached skill level 6 in Fighting
  8119 | D:11     | Noticed a two-headed ogre
  8123 | D:11     | Killed a two-headed ogre
  8259 | D:11     | Found a roughly hewn altar of Beogh.
  8259 | D:11     | Found a staircase to the Orcish Mines.
  8461 | D:12     | Noticed a two-headed ogre
  8470 | D:12     | Killed a two-headed ogre
  8520 | D:12     | Reached skill level 10 in Unarmed Combat
  8520 | D:12     | Reached skill level 5 in Invocations
  8558 | D:12     | Noticed a two-headed ogre
  8562 | D:12     | Killed a two-headed ogre
  8562 | D:12     | Reached skill level 6 in Spellcasting
  8604 | D:12     | Killed a two-headed ogre
  8644 | D:12     | Noticed an unseen horror
  8649 | D:12     | Killed an unseen horror
  8649 | D:12     | Reached ****** piety under Cheibriados
  8649 | D:12     | Reached XP level 13. HP: 87/95 MP: 16/22
  8835 | D:12     | Reached skill level 9 in Dodging
  8961 | D:12     | Learned a level 1 spell: Apportation
  8965 | D:12     | Learned a level 1 spell: Confusing Touch
  8984 | D:12     | Reached skill level 7 in Fighting
  8984 | D:12     | Reached skill level 4 in Armour
  8984 | D:12     | Reached skill level 11 in Transmutations
  9079 | D:11     | Reached skill level 6 in Invocations
  9096 | D:12     | Reached skill level 4 in Shields
  9106 | D:12     | Noticed a sphinx
  9112 | D:12     | Killed a sphinx
  9112 | D:12     | Reached skill level 1 in Hexes
  9112 | D:12     | Reached skill level 1 in Translocations
  9114 | D:12     | Noticed an eight-headed hydra
  9126 | D:12     | Killed an eight-headed hydra
  9307 | D:8      | Learned a level 7 spell: Dragon Form
  9348 | Lair:1   | Entered Level 1 of the Lair of Beasts
  9384 | Lair:1   | Lost mutation: You tend to lose your temper in combat. [evolution]
  9402 | Lair:1   | Noticed Harold
  9410 | Lair:1   | Killed Harold
  9410 | Lair:1   | Reached skill level 7 in Spellcasting
  9536 | Lair:1   | Reached skill level 2 in Translocations
  9583 | Lair:1   | Reached skill level 2 in Hexes
  9624 | Lair:1   | Got a pitted bronze ring
  9625 | Lair:1   | Identified the ring "Naessef" {rPois MP-9 EV+1 Str+3} (You found it on level 1 of the Lair of Beasts)
  9784 | Lair:1   | Noticed a seven-headed hydra
  9787 | Lair:1   | Killed a nine-headed hydra
  9908 | Lair:2   | Reached XP level 14. HP: 104/104 MP: 21/25
  9916 | Lair:2   | Reached skill level 11 in Unarmed Combat
  9965 | Lair:2   | Found a white marble altar of Elyvilon.
 10003 | Lair:2   | Found a staircase to the Snake Pit.
 10108 | Lair:2   | Noticed Clemens's ghost (journeyman DrCj)
 10115 | Lair:2   | Killed Clemens's ghost
 10330 | Lair:2   | Noticed Sonja
 10340 | Lair:2   | Killed Sonja
 10340 | Lair:2   | Reached skill level 7 in Invocations
 10589 | Lair:3   | Reached skill level 8 in Spellcasting
 10642 | Lair:3   | Reached skill level 8 in Fighting
 10683 | Lair:3   | Reached skill level 12 in Transmutations
 10807 | Lair:3   | Reached skill level 10 in Dodging
 11055 | Lair:3   | Found a staircase to the Shoals.
 11275 | Lair:4   | Noticed Kirke
 11309 | Lair:4   | Killed Kirke
 11314 | Lair:4   | Lost mutation: Your spells are a little easier to cast, but a little less powerful. [evolution]
 11993 | Lair:4   | Noticed Nessos
 12001 | Lair:4   | Killed Nessos
 12273 | Lair:5   | Noticed Josephine
 12279 | Lair:5   | Killed Josephine
 12284 | Lair:5   | Reached XP level 15. HP: 112/112 MP: 20/27
 12540 | Lair:5   | Reached skill level 12 in Unarmed Combat
 12628 | Lair:5   | Reached skill level 9 in Spellcasting
 12636 | Lair:5   | Reached skill level 8 in Invocations
 12889 | Lair:6   | Entered Level 6 of the Lair of Beasts
 13099 | Lair:6   | Found a staircase to the Slime Pits.
 13497 | Lair:6   | Reached skill level 13 in Transmutations
 13528 | Lair:6   | Reached skill level 9 in Fighting
 13734 | D:8      | Learned a level 6 spell: Statue Form
 13866 | D:11     | Killed Supreme's ghost
 13881 | Orc:1    | Entered Level 1 of the Orcish Mines
 14221 | Orc:1    | Identified a scroll of acquirement
 14222 | Orc:1    | Found the +0 pair of fencer's gloves {+Riposte Dex+3}
 14230 | Orc:2    | Entered Level 2 of the Orcish Mines
 14281 | Orc:2    | Found a staircase to the Elven Halls.
 14546 | Orc:2    | HP: 16/169 [orc warrior/glaive (11)]
 14547 | Orc:2    | HP: 5/169 [orc knight/uncursed broad axe (8)]
 14565 | Orc:2    | HP: 15/169 [orc warrior/bolt (5)]
 14568 | Orc:2    | Slain by an orc warrior

Skill      XL: |  1  2  3  4  5  6  7  8  9 10 11 12 13 14 15 |
---------------+----------------------------------------------+-----
Fighting       | 4 5 6 7 8 9 |  9.2
Unarmed Combat | 5 7 8 9 10 11 12 | 12.9
Spellcasting   | 4 5 6 7 8 9 |  9.8
Transmutations | 4 7 9 10 11 12 13 | 13.1
Dodging        | 7 8 9 10 | 10.9
Armour         | 1 2 3 4 |  4.0
Invocations    | 1 3 5 6 7 8 |  8.8
Evocations     | 1 |  1.0
Shields        | 2 3 4 |  4.0
Hexes          | 2 |  2.0
Translocations | 2 |  2.0

Action                   |  1- 3 |  4- 6 |  7- 9 | 10-12 | 13-15 || total
-------------------------+-------+-------+-------+-------+-------++-------
Melee: Unarmed           |   115 |    28 |   243 |   447 |   561 ||  1394
       Kick              |    12 |     1 |     5 |       |       ||    18
       Headbutt          |     5 |     2 |     3 |       |       ||    10
       Punch             |     1 |     1 |     2 |    25 |    38 ||    67
       Bite              |       |       |    15 |    53 |    83 ||   151
       Tailslap          |       |       |       |       |    66 ||    66
 Fire: Blowgun           |       |       |     3 |       |       ||     3
Throw: Javelin           |       |       |     2 |       |       ||     2
 Cast: Beastly Appendage |    25 |     3 |    11 |       |       ||    39
       Sticks to Snakes  |     2 |     1 |       |       |       ||     3
       Spider Form       |     1 |     1 |     5 |       |       ||     7
       Blade Hands       |       |       |    39 |    80 |    33 ||   152
       Apportation       |       |       |       |       |    88 ||    88
       Dragon Form       |       |       |       |       |    37 ||    37
       Ice Form          |       |       |       |       |    15 ||    15
Invok: Slouch            |       |       |       |       |     6 ||     6
       Step From Time    |       |       |       |       |     1 ||     1
 Abil: End Transformatio |       |       |       |     5 |    27 ||    32
       Evoke Flight      |       |       |       |     2 |       ||     2
       Stop Flying       |       |       |       |     1 |       ||     1
       Breathe Fire      |       |       |       |       |    23 ||    23
Evoke: Wand              |       |       |       |    15 |     1 ||    16
  Use: Scroll            |     8 |       |    11 |    10 |    15 ||    44
       Potion            |     1 |     4 |     3 |     4 |     7 ||    19
 Stab: Sleeping          |     1 |       |     1 |       |     3 ||     5
       Distracted        |       |       |       |       |     1 ||     1
  Eat: Chunk             |     2 |     1 |    28 |    28 |    69 ||   128
       Ration            |       |       |       |     1 |       ||     1
Armor: Robe              |    18 |       |    31 |    19 |       ||    68
       Leather armour    |       |     2 |       |       |       ||     2
       Ring mail         |       |       |       |    43 |       ||    43
       Troll leather arm |       |       |       |    12 |    18 ||    30
       Skin              |       |       |       |     1 |   110 ||   111
Dodge: Dodged            |    59 |    27 |   118 |   254 |   365 ||   823
Block: Buckler           |       |       |       |     8 |     2 ||    10

Table legend:
 A = Turns spent in this place as a percentage of turns spent in the entire game.
 B = Non-inter-level travel turns spent in this place as a percentage of non-inter-level travel turns spent in the entire game.
 C = Inter-level travel turns spent in this place as a percentage of turns spent in this place.
 D = Turns resting spent in this place as a percentage of non-inter-level travel turns spent in this place.
 E = Turns spent auto-exploring this place as a percentage of non-inter-level travel turns spent in this place.
 F = Non-inter-level travel turns spent in this place divided by the number of levels of this place that you've seen.
                   A       B       C       D       E      F
               +-------+-------+-------+-------+-------+----------------------
         Total | 100.0 | 100.0 |  10.8 |   0.8 |   0.1 | 618.8
       Dungeon |  65.1 |  65.6 |  10.1 |   1.2 |   0.1 | 710.5
        Temple |   0.2 |   0.2 |   0.0 |   0.0 |   0.0 |  24.0
          Lair |  30.1 |  29.2 |  13.3 |   0.1 |   0.0 | 632.7
  Orcish Mines |   4.7 |   5.0 |   5.5 |   0.0 |   0.0 | 324.5
               +-------+-------+-------+-------+-------+----------------------

Table legend:
 A = Kills in this place as a percentage of kills in entire the game.
 B = Kills by you in this place as a percentage of kills by you in the entire game.
 C = Kills by friends in this place as a percentage of kills by friends in the entire game.
 D = Other kills in this place as a percentage of other kills in the entire game.
 E = Experience gained in this place as a percentage of experience gained in the entire game.
 F = Experience gained in this place divided by the number of levels of this place that you have seen.
                   A       B       C       D       E      F
               +-------+-------+-------+-------+-------+----------------------
         Total | 100.0 | 100.0 | 100.0 |   N/A | 100.0 | 5114.3
       Dungeon |  56.8 |  56.7 | 100.0 |   N/A |  34.9 | 3127.3
          Lair |  29.9 |  29.9 |   0.0 |   N/A |  56.7 | 10156.0
  Orcish Mines |  13.3 |  13.3 |   0.0 |   N/A |   8.3 | 4468.0
               +-------+-------+-------+-------+-------+----------------------

Vault maps used:
D:1:      lightli_arrival_noodles, hangedman_decor_clover_reticule
D:2:      lemuel_round_altar, eat_drink_and_be_merry_uskayaw, first_ration,
          minmay_ruptured
D:3:      nicolae_overflow_crystal_walls, led_sif_book
D:4:      minivault_4, kennysheep_generic_room_14
D:5:      marbit_many_paths, basic_altar, serial_shops, kennysheep_mini,
          trog_butcher_becter
D:7:      minmay_temple_entry_fiery, basic_altar, serial_shops, shop,
          the_bakery, trog_hazing_becter, uniq_menkaure, uniq_crazy_yiuf_cottage
D:8:      nicolae_gozag_seed_capital, minmay_lair_entry_grove, uniq_psyche
D:9:      hangedman_ru_absence
D:10:     kennysheep_generic_room_11
D:11:     david_orc_5, serial_bayou_pond_e
D:12:     minmay_diamond_stairs, fountainhead, minmay_gold_behind_fungi,
          lemuel_hellish_altar
Temple:   lightli_temple_of_artemis
Lair:1:   uniq_harold
Lair:2:   dummy_snake_entry, basic_altar, serial_bayou_pond_c,
          grunt_megastairs_3, uniq_sonja
Lair:3:   beast_lair_carwin_large_3, minmay_shoals_entry_centaurs
Lair:4:   cheibrodos_lair_caveside_slide, grunt_megastairs_4,
          lemuel_fruit_fields, uniq_kirke, uniq_nessos
Lair:5:   beast_lair_carwin_2, lemuel_fruit_tree, uniq_josephine
Lair:6:   due_jungle_book, nicolae_slime_entry_slimehenge
Orc:1:    guppyfry_library_mini
Orc:2:    st_orc_rangers
